 Dungeon Crawl Stone Soup version 0.25.1-1-g288607f5aa (webtiles) character file.

Game seed: 5197928908619518190

9312 Acheron the Grappler (level 11, -6/101 HPs)
             Began as a Troll Wanderer on July 21, 2020.
             Was a High Priest of Okawaru.
             Mangled by an orc warrior
             ... wielding a cursed +0 glaive
              (11 damage)
             ... in a bailey.
             The game lasted 00:51:03 (8525 turns).

Acheron the Grappler (Troll Wanderer)               Turns: 8525, Time: 00:51:04

Health: -6/101     AC:  7    Str: 21    XL:     11   Next: 21%
Magic:  11/13      EV: 15    Int:  9    God:    Okawaru [*****.]
Gold:   369        SH:  0    Dex: 12    Spells: 12/15 levels left

rFire    . . .     SeeInvis .     - Unarmed
rCold    . . .     Gourm    +   (no shield)
rNeg     . . .     Faith    .   e - +0 robe
rPois    +         Spirit   .   (helmet restricted)
rElec    .         Reflect  .   v - +0 cloak
rCorr    +         Harm     .   (gloves unavailable)
MR       .....                  (boots unavailable)
Stlth    ++++......             (no amulet)
HPRegen  0.66/turn              K - ring of resist corrosion
MPRegen  0.13/turn              C - ring of poison resistance

@: heroism
A: large, unfitting armour, claws 3, fast metabolism 3, gourmand, regeneration
1, shaggy fur 1, tough skin 3
a: Heroism, Finesse, Renounce Religion


You were in a bailey.
You worshipped Okawaru.
Okawaru was extremely pleased with you.
You were completely stuffed.

You visited 2 branches of the dungeon, and saw 12 of its levels.
You also visited: Bailey.

You collected 523 gold pieces.
You spent 154 gold pieces at shops.

Inventory:

Hand Weapons
 a - a +2 hand crossbow
 l - a +3 vampiric dagger
 q - a +4 halberd
 A - a +0 giant spiked club
 L - a +0 war axe
 O - a +4 falchion of freezing
Missiles
 b - 28 bolts
 g - 56 stones
 k - 9 boomerangs (quivered)
 m - 8 atropa-tipped darts
 r - 9 large rocks
 B - 3 curare-tipped darts
Armour
 e - a +0 robe (worn)
 v - a +0 cloak (worn)
Jewellery
 i - a +4 ring of evasion
 y - an uncursed ring of wizardry
 C - a ring of poison resistance (right claw)
 I - the ring of Compassion {*Slow +Blink MR+ Dex+4 Stlth-}
   (You took it off an orc warrior on level 8 of the Dungeon)

   [ring of attention]

   It affects your dexterity (+4).
   It affects your resistance to hostile enchantments.
   It lets you blink.
   It may slow you when you take damage.
   It makes you less stealthy.
 J - an uncursed amulet of magic regeneration {unknown}
 K - a ring of resist corrosion (left claw)
Wands
 j - a wand of digging (5)
 w - a wand of flame (12)
 E - a wand of disintegration (7)
Scrolls
 p - a scroll of enchant armour {unknown}
 u - 3 scrolls of enchant weapon
 x - 4 scrolls of remove curse
 z - a scroll of fog
 H - 5 scrolls of teleportation
Potions
 c - 3 potions of lignification
 d - 8 potions of curing
 h - 2 potions of stabbing
 n - 4 potions of brilliance
 o - 4 potions of invisibility
 s - a potion of berserk rage {unknown}
 t - 4 potions of might
 D - 2 potions of mutation
 G - a potion of heal wounds
Miscellaneous
 F - a phantom mirror
Comestibles
 f - 19 rations
 M - 17 chunks of flesh


   Skills:
 * Level 4.8(9.8) Fighting
 + Level 1.7(6.7) Maces & Flails
 - Level 1.2(6.2) Crossbows
 * Level 4.6(9.6) Throwing
 * Level 5.6(10.6) Dodging
 * Level 2.8(7.8) Stealth
 * Level 10.6(15.6) Unarmed Combat
 * Level 2.6 Spellcasting
 * Level 1.5 Necromancy
 * Level 2.9 Translocations
 * Level 3.3 Invocations
 * Level 3.3 Evocations


You had 12 spell levels left.
You knew the following spells:

 Your Spells              Type           Power        Failure   Level  Hunger
a - Apportation           Tloc           #.....       10%         1    ##.....
b - Animate Skeleton      Necr           N/A          17%         1    ##.....
c - Summon Small Mammal   Summ           #...         32%         1    ##.....

Your spell library contained the following spells:

 Spells                   Type           Power        Failure   Level  Hunger
 Corona                   Hex            #......      32%         1    ##.....
 Airstrike                Air            #.........   97%         4    #####..
 Lightning Bolt           Conj/Air       #.........   100%        5    ######.


Dungeon Overview and Level Annotations

Branches:
Dungeon (11/15)            Temple (1/1) D:6          Bailey (1/1)
   Lair: D:8-11         Orc: D:9-12

Altars:
Ashenzari
Cheibriados
Dithmenos
Elyvilon
Fedhas
Gozag
Hepliaklqana
Kikubaaqudgha
Makhleb
Nemelex Xobeh
Okawaru
Qazlal
Ru
Sif Muna
Trog
Uskayaw
Vehumet
Wu Jian
Xom
Yredelemnul
Zin
The Shining One

Shops:
D:4 %   D:5 ?%   D:6 *

Annotations:
D:4 Pikel
D:5 exclusion: upstairs
D:6 exclusion: 3 downstairs


Innate Abilities, Weirdness & Mutations

You are too large for most types of armour.
You have claws for hands.
Your metabolism is lightning-fast.
You like to eat raw meat.
Your natural rate of healing is unusually fast.
You are covered in fur. (AC +1)
You have extremely tough skin. (AC +3)


Message History

Items here: ))) [[ ÷÷÷ You see here a +0 hand axe.
You feel much better. The orc warrior closely misses you.
You gain the combat prowess of a mighty hero.
The orc warrior hits you from afar with a cursed +0 glaive!!
The orc warrior hits you with a cursed +0 glaive!
* * * LOW HITPOINT WARNING * * *
You barely miss the orc warrior. You mangle the orc warrior!!
You kill the orc warrior!
Okawaru accepts your kill. Something appears at your feet!
Okawaru grants you armour!
The orc warrior hits you with a cursed +0 glaive!
* * * LOW HITPOINT WARNING * * *
You barely miss the orc. The orc barely misses you.
The orc hits you with a +0 war axe.
* * * LOW HITPOINT WARNING * * *
The orc warrior hits you from afar with a cursed +0 glaive!
You die...

##.))).##
###)###
#.).#
#.).#
#...#
#.o)#
###o###
##..)[o##
#...@...#
#....)..#
#.......#
#.......#
#)......#
#)).....#
#.))....#
#.))....#
#∩)....∩#


You could see an orc warrior and 2 orcs.

Vanquished Creatures
  2 two-headed ogres (D:8)
  A centaur skeleton (D:11)
  2 trolls
  A hippogriff (D:8)
  3 wraiths
  A wyvern (D:9)
  5 yaks
  4 hogs (D:7)
  A human (D:7)
  An acid dragon (D:11)
  A water moccasin (D:8)
  An ice beast (D:8)
  11 orc warriors
  A necrophage (D:8)
  2 phantoms (D:6)
  4 sky beasts
  6 centaurs
  2 wolves (D:8)
  2 ogres
  A bullfrog (D:11)
  4 scorpions
  A water moccasin skeleton (D:8)
  11 killer bees (D:7)
  4 wights
  A howler monkey (D:4)
  2 crimson imps
  A bullfrog zombie (D:8)
  6 hounds
  2 jellies
  8 orc priests
  4 bullfrog skeletons
  7 orc wizards
  2 iguanas
  6 worker ants
  A killer bee zombie (D:7)
  A hound skeleton (D:8)
  A worker ant zombie (D:6)
  7 adders
  3 shadow imps
  2 oozes
  2 adder zombies (D:7)
  2 worms
  A dart slug (D:1)
  6 leopard geckos
  56 orcs
  4 bats (D:2)
  3 giant cockroaches
  9 goblins
  8 hobgoblins
  23 jackals
  7 kobolds
  A quokka (D:3)
  5 frilled lizards
  A jackal skeleton (D:4)
  3 leopard gecko skeletons
  A leopard gecko zombie (D:7)
  A quokka zombie (D:8)
  7 rats
266 creatures vanquished.

Vanquished Creatures (others)
  A quokka (D:7)
1 creature vanquished.

Grand Total: 267 creatures vanquished

Notes
Turn   | Place    | Note
-------+----------+-------------------------------------------
     0 | D:1      | Acheron the Troll Wanderer began the quest for the Orb.
     0 | D:1      | Acheron set off with the following items: a +2 hand
                  | crossbow, 28 bolts, a potion of lignification, a potion of
                  | curing, a +0 robe, 2 rations
     0 | D:1      | Reached XP level 1. HP: 22/22 MP: 0/0
   164 | D:1      | Reached XP level 2. HP: 25/29 MP: 1/1
   499 | D:1      | Reached XP level 3. HP: 36/36 MP: 2/2
   508 | D:1      | Reached skill level 1 in Unarmed Combat
   909 | D:2      | Found a blossoming altar of Fedhas.
   911 | D:2      | Found a hide-covered altar of Uskayaw.
   911 | D:2      | Found a shattered altar of Ashenzari.
   912 | D:2      | Found a shimmering altar of Xom.
  1140 | D:2      | Reached XP level 4. HP: 40/45 MP: 3/3
  1482 | D:4      | Found Onigahi's Food Emporium.
  1497 | D:4      | Reached skill level 2 in Unarmed Combat
  1589 | D:4      | Reached XP level 5. HP: 50/53 MP: 4/4
  1594 | D:4      | Reached skill level 3 in Unarmed Combat
  1797 | D:4      | Noticed a slave
  1797 | D:4      | Noticed a slave
  2019 | D:5      | Entered Level 5 of the Dungeon
  2328 | D:5      | Found Hechosud's Food Shop.
  2392 | D:5      | Reached skill level 1 in Stealth
  2392 | D:5      | Reached XP level 6. HP: 42/61 MP: 5/5
  2468 | D:5      | Found an ornate altar of the Wu Jian Council.
  2544 | D:5      | Found an ancient bone altar of Kikubaaqudgha.
  2587 | D:5      | Found a bloodstained altar of Trog.
  2804 | D:4      | Reached skill level 4 in Unarmed Combat
  3119 | D:5      | Reached XP level 7. HP: 26/67 MP: 6/6
  3271 | D:5      | Found Kituma's Magic Scroll Emporium.
  3283 | D:5      | Bought a scroll of identify for 28 gold pieces
  3283 | D:5      | Bought a scroll of fog for 28 gold pieces
  3283 | D:5      | Bought a scroll of teleportation for 42 gold pieces
  3283 | D:5      | Bought a scroll of teleportation for 42 gold pieces
  3292 | D:5      | Bought a scroll of noise for 14 gold pieces
  3489 | D:4      | Noticed Pikel
  3659 | D:6      | Found a shadowy altar of Dithmenos.
  3798 | D:6      | Reached skill level 5 in Unarmed Combat
  3853 | D:6      | Found Zuraon's Lightly-Used Armoury.
  3936 | D:6      | Found a staircase to the Ecumenical Temple.
  3941 | Temple   | Entered the Ecumenical Temple
  3978 | Temple   | Became a worshipper of Warmaster Okawaru
  4075 | D:6      | Learned a level 1 spell: Apportation
  4090 | D:6      | Learned a level 1 spell: Animate Skeleton
  4423 | D:6      | Reached * piety under Okawaru
  4872 | D:6      | Reached XP level 8. HP: 76/76 MP: 8/8
  4891 | D:7      | Reached skill level 1 in Spellcasting
  4897 | D:7      | Reached skill level 6 in Unarmed Combat
  4925 | D:7      | Reached skill level 1 in Invocations
  5290 | D:8      | Reached skill level 1 in Translocations
  5372 | D:8      | Noticed a two-headed ogre
  5377 | D:8      | Killed a two-headed ogre
  5377 | D:8      | Reached ** piety under Okawaru
  5377 | D:8      | Reached skill level 7 in Unarmed Combat
  5377 | D:8      | Reached XP level 9. HP: 73/84 MP: 6/10
  5579 | D:8      | Reached *** piety under Okawaru
  5768 | D:7      | Found a white marble altar of Elyvilon.
  5781 | D:7      | Reached skill level 8 in Unarmed Combat
  5931 | D:7      | Found a radiant altar of Vehumet.
  6015 | D:7      | Found an opulent altar of Gozag.
  6016 | D:7      | Found a glowing silver altar of Zin.
  6080 | D:7      | Reached **** piety under Okawaru
  6092 | D:7      | Reached XP level 10. HP: 21/93 MP: 9/12
  6291 | D:7      | Received a gift from Okawaru
  6549 | D:8      | Reached skill level 9 in Unarmed Combat
  6582 | D:8      | Reached skill level 5 in Dodging
  6701 | D:8      | Identified the ring of Compassion {*Slow +Blink MR+ Dex+4
                  | Stlth-}
  7144 | D:8      | Identified the Volume of Feathers
  7148 | D:8      | Learned a level 1 spell: Summon Small Mammal
  7256 | D:8      | Noticed a two-headed ogre
  7261 | D:8      | Killed a two-headed ogre
  7596 | D:10     | Entered Level 10 of the Dungeon
  7663 | D:10     | Reached ***** piety under Okawaru
  7663 | D:10     | Reached skill level 10 in Unarmed Combat
  7663 | D:10     | Reached skill level 1 in Necromancy
  8032 | D:11     | Received a gift from Okawaru
  8032 | D:11     | Reached XP level 11. HP: 93/100 MP: 11/13
  8072 | D:11     | Found a flagged portal.
  8210 | Bailey   | Entered a bailey
  8523 | Bailey   | Received a gift from Okawaru
  8524 | Bailey   | HP: 5/101 [orc/+0 war axe (4)]
  8525 | Bailey   | Mangled by an orc warrior

Illustrated notes

Levels and vault maps discovered:
D:1:      heliophobic_arrival_glass_houses, layout_basic
D:2:      layout_rooms, chequers_temple_overflow_statue_of_worship,
          first_ration, solitary_fountain, st_stairs_7, minivault_23
D:3:      layout_basic
D:4:      layout_basic, serial_shops, shop, corexii_checkpoint_a, uniq_pikel
D:5:      layout_basic, overflow_temple_1_default, lemuel_crystal_altar,
          kennysheep_mini, serial_shops, shop, shop
D:6:      layout_loops_corners, nicolae_dithmenos_shadow_blocks, temple_doors_e,
          minmay_shop_damaged, nrook_mini_vaults
D:7:      layout_loops_cross, grunt_temple_overflow_gold_and_silver,
          elyvilon_altar_4, vehumet_crystals, grunt_livestock
D:8:      cheibrodos_barr_body, layout_loops_corners, erik_lair_island
D:9:      layout_roguey
D:10:     layout_rooms, uniq_josephine
D:11:     layout_basic, enter_bailey_2, kennysheep_another_room
Temple:   eino_temple_lava
Bailey:   bailey_polearm_5, bailey

Skill      XL: |  1  2  3  4  5  6  7  8  9 10 |
---------------+-------------------------------+-----
Unarmed Combat | 1 2 3 4 5 7 8 10 | 10.6
Fighting       | 3 4 |  4.8
Dodging        | 2 3 4 5 |  5.6
Stealth        | 1 2 |  2.8
Throwing       | 2 3 4 |  4.6
Spellcasting   | 1 2 |  2.6
Invocations    | 1 2 3 |  3.3
Translocations | 1 2 |  2.9
Evocations     | 2 3 |  3.3
Necromancy     | 1 |  1.5
Maces & Flails | |  1.7
Crossbows      | |  1.2

Action                   |  1- 3 |  4- 6 |  7- 9 | 10-12 || total
-------------------------+-------+-------+-------+-------++-------
Melee: Unarmed           |   130 |   189 |   292 |   256 ||   867
       Punch             |       |     1 |     8 |    15 ||    24
Throw: Boomerang         |       |       |       |    37 ||    37
Invok: Heroism           |       |       |     4 |    10 ||    14
       Finesse           |       |       |       |     1 ||     1
  Use: Scroll            |     1 |       |     8 |     6 ||    15
       Potion            |       |       |     1 |     5 ||     6
 Stab: Sleeping          |       |     2 |       |     1 ||     3
       Distracted        |       |     1 |       |       ||     1
  Eat: Chunk             |    16 |    18 |    22 |    24 ||    80
       Ration            |       |       |     1 |       ||     1
Armor: Robe              |    73 |    53 |    53 |    43 ||   222
Dodge: Dodged            |    77 |    84 |   221 |   163 ||   545
